 Dungeon Crawl Stone Soup version 0.28.0-43-g3370ac3207 (webtiles) character file.

Game seed: 1357858491587945328

1581 terff the Skirmisher (level 9, -4/69 HPs)
             Began as a Human Fighter on Mar 30, 2022.
             Was a Believer of Okawaru.
             Killed by divine providence
             ... invoked by an orc priest
              (8 damage)
             ... on level 6 of the Dungeon.
             The game lasted 00:20:02 (6981 turns).

terff the Skirmisher (Human Fighter)                Turns: 6981, Time: 00:20:02

Health: -4/69      AC: 16    Str: 20    XL:     9   Next: 14%
Magic:  0/9        EV:  7    Int:  8    God:    Okawaru [**....]
Gold:   273        SH:  7    Dex: 20    Spells: 8/8 levels left

rFire   . . .      SeeInvis +   l - +2 war axe (vorpal)
rCold   . . .      Faith    .   c - +1 buckler
rNeg    . . .      Spirit   +   y - +0 plate armour
rPois   .          Reflect  .   e - +1 hat
rElec   .          Harm     .   (no cloak)
rCorr   .          Rampage  .   (no gloves)
Will    .....                   i - +2 pair of boots
Stlth   ..........              j - amulet of guardian spirit
HPRegen 0.21/turn               t - ring of see invisible
MPRegen 0.11/turn               x - +6 ring of dexterity

@: no status effects
A: no striking features
a: Renounce Religion, Heroism


You were on level 6 of the Dungeon.
You worshipped Okawaru.
Okawaru was pleased with you.
You visited 1 branch of the dungeon, and saw 6 of its levels.

You collected 273 gold pieces.

Inventory:

Hand Weapons
 a - a +0 flail
 l - a +2 vorpal war axe (weapon)
Armour
 b - a +0 scale mail
 c - a +1 buckler (worn)
 e - a +1 hat (worn)
 f - a +0 helmet
 i - a +2 pair of boots (worn)
 o - a +3 leather armour of fire resistance
 y - a +0 plate armour (worn)
Jewellery
 j - an amulet of guardian spirit (around neck)
 q - a ring of protection from fire
 t - a ring of see invisible (left hand)
 x - a +6 ring of dexterity (right hand)
Wands
 n - a wand of paralysis (5)
 r - a wand of polymorph (8)
 v - a wand of digging (1)
 z - a wand of charming (8)
Scrolls
 u - a scroll of magic mapping
 w - a scroll of amnesia
Potions
 d - a potion of might
 g - a potion of attraction
 h - a potion of ambrosia
 k - a potion of cancellation
 m - a potion of mutation
 p - 4 potions of degeneration
 s - 3 potions of lignification
 A - a potion of curing


   Skills:
 * Level 6.1 Fighting
 + Level 6.1(6.6) Axes
 - Level 3.5(5.3) Maces & Flails
 + Level 5.4 Armour
 + Level 2.3 Dodging
 + Level 4.5 Shields


You had 8 spell levels left.
You didn't know any spells.
Your spell library contained the following spells:

 Spells                   Type           Power      Damage    Failure   Level
 Ensorcelled Hibernation  Hex/Ice        0%         N/A       100%        2
 Passwall                 Tmut/Erth      0%         N/A       100%        2
 Dazzling Flash           Conj/Hex       0%         N/A       100%        3
 Portal Projectile        Hex/Tloc       0%         N/A       100%        3
 Swiftness                Air            0%         N/A       100%        3
 Agony                    Necr           0%         N/A       100%        5
 Blade Hands              Tmut           0%         N/A       100%        5
 Excruciating Wounds      Necr           0%         N/A       100%        5
 Silence                  Hex/Air        0%         N/A       100%        5


Dungeon Overview and Level Annotations

Branches:
Dungeon (6/15)
 Temple: D:4-7

Altars:
Ashenzari
Gozag
Okawaru
Zin

Shops:
D:1 (   D:5 =

Annotations:
D:3 2 transporters, DemonSlayer's ghost, amateur DsFE
D:5 3 runed translucent doors, mrw3rdna's ghost, novice OgFE; pkoi's ghost, novice OpAE


Message History

The orc warrior hits you but does no damage.
You hit the orc warrior.
The orc warrior is lightly wounded.
You hit the orc wizard. The orc wizard barely misses you.
The orc warrior hits you with a +0 halberd!
The orc wizard hits you but does no damage.
The orc warrior hits you but does no damage.
You block the orc warrior's attack.
You see here a +0 hand axe.
You closely miss the orc wizard.
The orc wizard is almost dead.
You hit the orc warrior but do no damage.
The orc wizard hits you but does no damage.
The orc warrior hits you with a +0 halberd!
You slash the orc wizard!
You kill the orc wizard!
Okawaru accepts your kill.
You hit the orc warrior but do no damage.
The orc warrior hits you with a +0 halberd!
The black bear completely misses you. The black bear barely misses you.
The black bear claws you but does no damage.
The orc priest invokes the aid of Beogh against you.
Beogh smites you! The orc warrior barely misses you.
The black bear bites you but does no damage.
The black bear closely misses you.
The black bear claws you but does no damage.
The orc warrior hits you from afar with a +0 halberd.
Things that are here:
a +0 hand axe; a +0 robe The orc priest calls down the wrath of Beogh upon you.
You struggle to resist.
The orc priest mumbles some strange prayers to Beogh against you.
Beogh smites you!
* * * LOW HITPOINT WARNING * * *
The orc priest calls down the wrath of Beogh upon you.
Beogh smites you!
* * * LOW HITPOINT WARNING * * *
The orc priest mumbles some strange prayers to Beogh against you.
Beogh smites you!
You die...

#....##.....#****,,,,,,*,
#....##.....#****,,,,,,*,
###'##..###.#,,,*,***,,**
######.##.####,#,*,*,*******
####......##....*,*,*,,,**,,,,,
#>...........)###########*,****
#..............))).......,,,,,,
####......##.#.########.#*,*,**
#####.###.##.#@.# *,,,,*,**
#.....# #....##.## ****,*,,,
#.#######....##h.# *,,,*,,*
###.#.....#....###.####***,,,*,,,
........#.#....###on..##........#
.................#....##........#
..(....##..#.....#....##.........
###..............#.o..##.........
##########.....#....##....<....


You could see an orc warrior, a black bear, a necrophage and an orc priest.

Vanquished Creatures
  A water moccasin (D:6)
  An orc warrior (D:6)
  A necrophage (D:5)
  An ogre (D:6)
  2 phantoms
  A centaur (D:5)
  A bullfrog (D:5)
  A scorpion (D:5)
  A wyvern zombie (D:5)
  A water moccasin skeleton (D:5)
  A centaur zombie (D:5)
  2 hounds
  A bullfrog zombie (D:5)
  2 gnoll shamans
  An orc priest (D:6)
  3 iguanas
  5 orc wizards
  Natasha (thrice) (D:2)
  A hound zombie (D:5)
  9 gnolls
  6 adders
  2 ufetubi (D:5)
  An adder skeleton (D:4)
  3 worms
  2 dart slugs
  7 orcs
  4 ball pythons
  6 endoplasms
  2 giant cockroaches
  7 goblins
  7 hobgoblins
  7 jackals
  5 quokkas
  6 bats
  5 frilled lizards
  2 kobolds (D:1)
  5 rats
116 creatures vanquished.

Vanquished Creatures (others)
  6 plants (D:3)
6 creatures vanquished.

Grand Total: 122 creatures vanquished

Notes
Turn   | Place    | Note
-------+----------+-------------------------------------------
     0 | D:1      | terff the Human Fighter began the quest for the Orb.
     0 | D:1      | Reached XP level 1. HP: 18/18 MP: 1/1
   383 | D:1      | Reached XP level 2. HP: 23/24 MP: 2/2
   792 | D:1      | Found Hidillol's Antique Weapon Emporium.
   871 | D:1      | Found a faded altar of an unknown god.
  1106 | D:1      | Reached XP level 3. HP: 23/29 MP: 3/3
  1902 | D:2      | Reached XP level 4. HP: 35/35 MP: 4/4
  2033 | D:2      | Noticed Natasha
  2156 | D:2      | Killed Natasha
  2225 | D:2      | Noticed Natasha
  2301 | D:2      | Killed Natasha
  2302 | D:2      | Reached XP level 5. HP: 27/42 MP: 5/5
  2623 | D:2      | Noticed Natasha
  2628 | D:2      | Killed Natasha
  2629 | D:2      | Reached skill level 1 in Dodging
  2992 | D:3      | Paralysed by an orc for 3 turns
  3113 | D:3      | Noticed an ice beast
  3437 | D:3      | Noticed DemonSlayer's ghost (amateur DsFE)
  3449 | D:3      | Found a transporter.
  3591 | D:3      | Found a transporter.
  3762 | D:4      | Reached XP level 6. HP: 40/48 MP: 6/6
  3831 | D:4      | Found an iron altar of Okawaru.
  3841 | D:4      | Became a worshipper of Warmaster Okawaru
  4009 | D:3      | Reached skill level 1 in Axes
  4409 | D:4      | Found an opulent altar of Gozag.
  4446 | D:4      | Found a glowing silver altar of Zin.
  4661 | D:5      | Entered Level 5 of the Dungeon
  4730 | D:5      | Found a broken altar of Ashenzari.
  4862 | D:5      | Found Xiod's Jewellery Boutique.
  4878 | D:5      | Reached XP level 7. HP: 25/55 MP: 4/7
  5074 | D:5      | Reached * piety under Okawaru
  5246 | D:5      | Noticed a water moccasin
  5268 | D:6      | Killed a water moccasin
  5485 | D:5      | Reached XP level 8. HP: 22/61 MP: 4/8
  5693 | D:6      | Reached skill level 5 in Fighting
  5778 | D:5      | Reached ** piety under Okawaru
  5919 | D:5      | Reached skill level 5 in Axes
  5933 | D:5      | Found a runed translucent gate.
  5933 | D:5      | Found a runed translucent gate.
  5933 | D:5      | Found a runed translucent gate.
  5934 | D:5      | Noticed pkoi's ghost (novice OpAE)
  5935 | D:5      | Noticed mrw3rdna's ghost (novice OgFE)
  6155 | D:5      | Reached skill level 5 in Armour
  6419 | D:6      | Reached XP level 9. HP: 45/69 MP: 5/9
  6978 | D:6      | HP: 3/69 [orc priest/divine providence (9)]
  6981 | D:6      | Killed from afar by an orc priest

Illustrated notes

Levels and vault maps discovered:
D:1:      amcnicky_arrival_choice, layout_basic,
          shapermc_ecumenical_altar_mp_vishouse, serial_shops, shop,
          minmay_misc_feat_four_crosses
D:2:      layout_loops_ring, uniq_natasha
D:3:      layout_loops_cross, gammafunk_ghost_gnarly_gnolls,
          nicolae_concentric_dashed_squares_mild, lightli_corner_chamber
D:4:      layout_cave_pools, pdpol_temple_overflow_zin_treasury_gozag_greed,
          mainiacjoe_overflow_small_starburst
D:5:      layout_basic, kennysheep_mini, serial_shops, nicolae_shop_crystal,
          gammafunk_ghost_cemetery, minivault_27
D:6:      minmay_evil_eye, layout_basic, bh_walls_and_bars

Skill      XL: |  1  2  3  4  5  6  7  8  9 |
---------------+----------------------------+-----
Maces & Flails | 3 |  3.5
Armour         | 4 5 |  5.4
Dodging        | 1 2 |  2.3
Axes           | 2 4 5 6 |  6.1
Fighting       | 4 6 |  6.1
Shields        | 4 |  4.5

Action                   |  1- 3 |  4- 6 |  7- 9 || total
-------------------------+-------+-------+-------++-------
Melee: Flail             |   113 |    86 |       ||   199
       War axe           |       |   105 |   124 ||   229
  Use: Scroll            |     4 |     7 |     5 ||    16
       Potion            |       |       |     2 ||     2
Armor: Scale mail        |    79 |    47 |       ||   126
       Leather armour    |       |    46 |       ||    46
       Plate armour      |       |     5 |   137 ||   142
Dodge: Dodged            |    79 |    98 |    58 ||   235
Block: Buckler           |    35 |    56 |    75 ||   166
